 Dungeon Sprint DCSS version 0.21-a0-203-gb066a6e (webtiles) character file.

8764 Kidiri the Eclecticist (level 11, -15/68 HPs)
             Began as a Deep Elf Fire Elementalist on Aug 19, 2017.
             Was the Champion of Vehumet.
             Demolished by Rupert
             ... wielding a +2 battleaxe of chopping
              (40 damage)
             ... while paralysed by Rupert
             ... in the Dungeon (Sprint III: "The Ten Rune Challenge").
             The game lasted 00:17:14 (2621 turns).

Kidiri the Eclecticist (Deep Elf Fire Elementalist) Turns: 2621, Time: 00:17:15

Health: -15/68     AC:  6    Str:  5    XL:     11   Next: 14%
Magic:  20/33      EV:  2    Int: 24    God:    Vehumet [******]
Gold:   29         SH:  0    Dex: 15    Spells: 0/42 levels left

rFire    . . .     SeeInvis .   w - +2 dagger (speed)
rCold    . . .     Gourm    .   (no shield)
rNeg     . . .     Faith    .   a - +0 robe
rPois    .         Spirit   .   (no helmet)
rElec    .         Reflect  .   k - +0 cloak
rCorr    .         Harm     .   (no gloves)
MR       +....     NoTele   +   (no boots)
Stlth    ++........             (no amulet)
HPRegen  0.21/turn              (no ring)
MPRegen  0.23/turn              (no ring)

@: paralysed
A: icy blue scales 1, screaming 1, wild magic 1
a: Renounce Religion


You were in the Dungeon.
You worshipped Vehumet.
Vehumet was exalted by your worship.
You were hungry.

You visited 1 branch You collected 29 gold pieces.

Inventory:

Hand Weapons
 w - a +2 dagger of speed (weapon)
Missiles
 j - a throwing net (quivered)
Armour
 a - a +0 robe (worn)
 k - a +0 cloak (worn)
Wands
 u - a wand of disintegration (11/24)
Scrolls
 i - a scroll of blinking
 m - a scroll of immolation
 n - a scroll of fear
 o - a scroll of random uselessness {unknown}
 r - a scroll of torment {unknown}
 t - a scroll of remove curse {unknown}
Potions
 d - 3 potions of curing
 e - 3 potions of heal wounds
 f - a potion of haste
 g - 2 potions of magic
 h - a potion of berserk rage
 l - 2 potions of mutation
 q - 4 potions of flight
 v - a potion of might
 z - a potion of cancellation {unknown}
Books
 b - a book of Flames

   Spells                             Type                      Level
   a - Flame Tongue                   Conjuration/Fire             1
   b - Throw Flame                    Conjuration/Fire             2
   c - Conjure Flame                  Conjuration/Fire             3
   d - Inner Flame                    Hexes/Fire                   3
   e - Sticky Flame                   Conjuration/Fire             4
   f - Fireball                       Conjuration/Fire             5
 s - a book of Minor Magic

   Spells                             Type                      Level
   a - Magic Dart                     Conjuration                  1
   b - Blink                          Translocation                2
   c - Call Imp                       Summoning                    2
   d - Slow                           Hexes                        2
   e - Conjure Flame                  Conjuration/Fire             3
   f - Mephitic Cloud                 Conjuration/Poison/Air       3
Comestibles
 c - a bread ration
 p - 30 royal jellies
 x - 2 chunks of flesh


   Skills:
 + Level 7.8 Fighting
 + Level 8.2 Short Blades
 + Level 7.8 Armour
 + Level 11.3 Dodging
 - Level 2.4 Stealth
 * Level 16.2 Spellcasting
 + Level 10.1 Conjurations
 + Level 10.7 Fire Magic
 + Level 7.3 Air Magic
 + Level 7.9 Poison Magic


You couldn't memorise any spells.
You knew the following spells:

 Your Spells              Type           Power        Failure   Level  Hunger
a - Flame Tongue          Conj/Fire      #####        1%          1    None
b - Throw Flame           Conj/Fire      ######       1%          2    None
c - Conjure Flame         Conj/Fire      ######..     1%          3    None
d - Inner Flame           Hex/Fire       ######..     1%          3    None
e - Ignite Poison         Fire/Tmut/Pois ######..     1%          3    None
f - Sticky Flame          Conj/Fire      ######..     1%          4    None
g - Fireball              Conj/Fire      ######....   1%          5    #......
h - Bolt of Fire          Conj/Fire      ######....   2%          6    ####...
i - Mephitic Cloud        Conj/Pois/Air  ######..     1%          3    None
j - Venom Bolt            Conj/Pois      ######....   1%          5    #......
k - Orb of Destruction    Conj           ######....   13%         7    ######.


Dungeon Overview and Level Annotations

Branches:
Dungeon (1/1)

Altars:
Cheibriados
Dithmenos
Elyvilon
Fedhas
Gozag
Hepliaklqana
Kikubaaqudgha
Makhleb
Nemelex Xobeh
Okawaru
Qazlal
Ru
Sif Muna
Trog
Uskayaw
Vehumet
Wu Jian
Xom
Yredelemnul
Zin
The Shining One
Beogh
Jiyva
Lugonu

Annotations:
D exclusion: 2 doors, Rupert


Innate Abilities, Weirdness & Mutations

You are partially covered in icy blue scales. (AC +2)
You occasionally shout uncontrollably at your foes.
Your spells are a little harder to cast, but a little more powerful.


Message History

Confirm with . or Enter, or press ? or * to list all spells.
Aiming: Orb of Destruction
Press: ? - help, Shift-Dir - straight line, f - Rupert
Aim: Rupert, wielding a battleaxe of chopping and wearing a ring mail (resting) Rupert shouts!
Casting: Orb of Destruction
Confirm with . or Enter, or press ? or * to list all spells.
Aiming: Orb of Destruction
Press: ? - help, Shift-Dir - straight line, f/p - Rupert
Aim: Rupert, wielding a battleaxe of chopping and wearing a ring mail You are feeling hungry.
Rupert roars wildly at you.
You suddenly lose the ability to move!
Rupert roars madly and goes into a rage!
Rupert goes berserk!
Rupert hits you with a battleaxe of chopping!!
Rupert hits you with a battleaxe of chopping!
Rupert hits you with a battleaxe of chopping!!!
Ouch! That really hurt!
You die...

#..###..##.#.....#.[)#__#
#..# #..#####....#___#__+
▓▓▓▓▓▓▓▓▓▓▓▓▓▓▓▓▓▓▓▓▓▓▓▓▓
+≈≈≈≈§§≈≈≈♣♣.....♣♣♣♣
#≈≈≈§§§.≈≈♣♣.≈≈≈≈+♣♣'
#≈≈≈§§§§≈≈≈'.....#.≈♣
#≈≈§§§§.≈≈♣♣♣♣♣♣♣#..♣
#≈≈≈§§§≈..♣ ###+
####@###### ♣♣♣♣.
........@...... ♣...#
#+############# ♣♣.##
♣..# ♣♣.# ♣♣.# ♣... ####


You could see Rupert (berserk).

Vanquished Creatures
  Erolcha (D)
  Urug (D)
  A lindwurm (D)
  A deep elf mage (D)
  A rime drake (D)
  2 spiny frogs (D)
  A komodo dragon (D)
  A queen bee (D)
  3 wandering mushrooms (D)
  2 tyrant leeches (D)
  5 blink frogs (D)
  5 redbacks (D)
  A shadow (D)
  A spatial vortex (D)
  A swamp drake (D)
  A necrophage (D)
  5 two-headed ogres (D)
  A water elemental (D)
  26 killer bees (D)
  A wizard (D)
  Crazy Yiuf (D)
  A jelly (D)
  Jessica (D)
  A necromancer (D)
  3 humans (D)
  A kobold demonologist (D)
  3 rats (D)
  A ballistomycete (D)
  A ballistomycete spore (D)
74 creatures vanquished.

Vanquished Creatures (collateral kills)
  5 killer bees (D)
5 creatures vanquished.

Vanquished Creatures (others)
  2 draconian scorchers (D)
  2 hydras (D)
  6 hellions (D)
  2 yaktaurs (D)
  A killer bee (D)
  An electric eel (D)
14 creatures vanquished.

Grand Total: 93 creatures vanquished

Notes
Turn   | Place    | Note
-------+----------+-------------------------------------------
     0 | D        | Kidiri the Deep Elf Fire Elementalist began the quest for the Orb.
     0 | D        | Reached XP level 1. HP: 10/10 MP: 6/6
    97 | D        | Killed a hellion
   111 | D        | Killed a hellion
   117 | D        | Noticed Jessica
   122 | D        | Killed a hellion
   131 | D        | Killed Jessica
   131 | D        | Reached skill level 1 in Fighting
   131 | D        | Reached skill level 1 in Armour
   131 | D        | Reached skill level 5 in Spellcasting
   131 | D        | Reached XP level 2. HP: 5/16 MP: 1/10
   133 | D        | Killed a hellion
   135 | D        | Learned a level 2 spell: Throw Flame
   156 | D        | Killed a yaktaur
   157 | D        | Killed a white draconian scorcher
   158 | D        | Killed a white draconian scorcher
   180 | D        | Killed a hellion
   365 | D        | Killed a hellion
   368 | D        | Reached XP level 3. HP: 16/21 MP: 1/12
   373 | D        | Learned a level 3 spell: Conjure Flame
   377 | D        | Learned a level 3 spell: Inner Flame
   452 | D        | Noticed Crazy Yiuf
   456 | D        | Killed Crazy Yiuf
   456 | D        | Reached skill level 6 in Spellcasting
   456 | D        | Reached XP level 4. HP: 26/26 MP: 9/14
   482 | D        | Gained mutation: You are partially covered in icy blue scales. (AC +2) [potion of mutation]
   482 | D        | Gained mutation: You occasionally shout uncontrollably at your foes. [potion of mutation]
   482 | D        | Gained mutation: Your spells are a little harder to cast, but a little more powerful. [potion of mutation]
   488 | D        | Learned a level 4 spell: Sticky Flame
   498 | D        | Noticed a water elemental
   502 | D        | Killed a water elemental
   502 | D        | Reached skill level 5 in Dodging
   502 | D        | Reached skill level 7 in Spellcasting
   502 | D        | Reached skill level 5 in Fire Magic
   554 | D        | Found a radiant altar of Vehumet.
   555 | D        | Found a deep blue altar of Sif Muna.
   555 | D        | Found an ancient bone altar of Kikubaaqudgha.
   555 | D        | Noticed a wizard
   557 | D        | Noticed a hellwing
   558 | D        | Killed a wizard
   558 | D        | Reached XP level 5. HP: 26/32 MP: 11/17
   561 | D        | Reached skill level 8 in Spellcasting
   575 | D        | Learned a level 5 spell: Fireball
   577 | D        | Became a worshipper of Vehumet
   709 | D        | Found a glowing silver altar of Zin.
   710 | D        | Found a glowing golden altar of the Shining One.
   710 | D        | Found a white marble altar of Elyvilon.
   710 | D        | Noticed a deep elf mage
   717 | D        | Killed a deep elf mage
   717 | D        | Reached skill level 10 in Spellcasting
   717 | D        | Reached XP level 6. HP: 16/39 MP: 11/21
   717 | D        | Reached XP level 7. HP: 18/44 MP: 12/23
   722 | D        | Learned a level 3 spell: Mephitic Cloud
   902 | D        | Found an ornate altar of the Wu Jian Council.
   902 | D        | Found a roughly hewn altar of Beogh.
   902 | D        | Found an iron altar of Okawaru.
   902 | D        | Found a bloodstained altar of Trog.
   902 | D        | Found a hide-covered altar of Uskayaw.
   902 | D        | Noticed a human
   902 | D        | Noticed a human
   906 | D        | Killed a human
   906 | D        | Reached skill level 11 in Spellcasting
   906 | D        | Reached skill level 1 in Air Magic
   906 | D        | Reached skill level 1 in Poison Magic
   908 | D        | Killed a human
   908 | D        | Reached * piety under Vehumet
   908 | D        | Offered knowledge of Sandblast by Vehumet.
   995 | D        | Found a basalt altar of Yredelemnul.
   995 | D        | Found a shadowy altar of Dithmenos.
   995 | D        | Found a sacrificial altar of Ru.
  1001 | D        | Reached skill level 5 in Fighting
  1001 | D        | Reached skill level 5 in Armour
  1038 | D        | Reached ** piety under Vehumet
  1040 | D        | Noticed a shadow
  1058 | D        | Killed a shadow
  1058 | D        | Offered knowledge of Sting by Vehumet.
  1058 | D        | Reached XP level 8. HP: 49/49 MP: 25/25
  1072 | D        | Found a blossoming altar of Fedhas.
  1072 | D        | Found a stormy altar of Qazlal.
  1072 | D        | Found a snail-covered altar of Cheibriados.
  1072 | D        | Found a burning altar of Makhleb.
  1072 | D        | Found a shimmering altar of Xom.
  1073 | D        | Found a hazy altar of Hepliaklqana.
  1073 | D        | Found an opulent altar of Gozag.
  1073 | D        | Found a sparkling altar of Nemelex Xobeh.
  1073 | D        | Found a corrupted altar of Lugonu.
  1073 | D        | Found a viscous altar of Jiyva.
  1093 | D        | Reached skill level 12 in Spellcasting
  1190 | D        | Reached *** piety under Vehumet
  1191 | D        | Reached skill level 5 in Short Blades
  1245 | D        | Noticed a two-headed ogre
  1256 | D        | Killed a two-headed ogre
  1256 | D        | Offered knowledge of Searing Ray by Vehumet.
  1333 | D        | Noticed Erolcha
  1335 | D        | Noticed a two-headed ogre
  1343 | D        | Killed a two-headed ogre
  1343 | D        | Reached **** piety under Vehumet
  1343 | D        | Reached XP level 9. HP: 37/55 MP: 13/27
  1345 | D        | Reached skill level 13 in Spellcasting
  1359 | D        | Killed Erolcha
  1359 | D        | Reached skill level 5 in Poison Magic
  1543 | D        | Noticed a queen bee
  1548 | D        | Offered knowledge of Ignite Poison by Vehumet.
  1549 | D        | Killed a queen bee
  1549 | D        | Reached ***** piety under Vehumet
  1549 | D        | Reached skill level 5 in Air Magic
  1556 | D        | Reached skill level 14 in Spellcasting
  1564 | D        | Reached ****** piety under Vehumet
  1572 | D        | Reached skill level 10 in Dodging
  1578 | D        | Reached XP level 10. HP: 59/61 MP: 9/30
  1719 | D        | Learned a level 3 spell: Ignite Poison
  1728 | D        | Offered knowledge of Venom Bolt by Vehumet.
  1736 | D        | Learned a level 5 spell: Venom Bolt
  1753 | D        | Offered knowledge of Bolt of Fire by Vehumet.
  1761 | D        | Learned a level 6 spell: Bolt of Fire
  1852 | D        | Killed a six-headed hydra
  1936 | D        | Noticed a spiny frog
  1936 | D        | Noticed a spiny frog
  1938 | D        | Reached skill level 15 in Spellcasting
  1940 | D        | Killed a spiny frog
  1940 | D        | Reached skill level 10 in Fire Magic
  1940 | D        | Killed a spiny frog
  1991 | D        | Killed a four-headed hydra
  2015 | D        | Offered knowledge of Orb of Destruction by Vehumet.
  2075 | D        | Noticed a lindwurm
  2077 | D        | Killed a lindwurm
  2143 | D        | Noticed Urug
  2153 | D        | Killed Urug
  2407 | D        | Reached skill level 16 in Spellcasting
  2407 | D        | Reached XP level 11. HP: 45/68 MP: 21/33
  2417 | D        | Learned a level 7 spell: Orb of Destruction
  2524 | D        | Reached skill level 10 in Conjurations
  2524 | D        | Offered knowledge of Yara's Violent Unravelling by Vehumet.
  2614 | D        | Noticed Rupert
  2616 | D        | Paralysed by Rupert for 6 turns
  2621 | D        | Demolished by Rupert

Vault maps used:
D:        dungeon_sprint_mu

Skill      XL: |  1  2  3  4  5  6  7  8  9 10 11 |
---------------+----------------------------------+-----
Fighting       | 1 2 3 4 5 6 7 |  7.8
Armour         | 1 2 3 4 5 6 7 |  7.8
Dodging        | 3 4 5 7 8 10 11 | 11.3
Spellcasting   | 5 6 7 10 11 12 14 16 | 16.2
Conjurations   | 2 3 4 6 7 8 9 10 | 10.1
Fire Magic     | 4 5 7 8 9 10 | 10.7
Short Blades   | 3 4 5 6 8 |  8.2
Air Magic      | 2 4 5 7 |  7.3
Poison Magic   | 2 4 5 7 |  7.9
Stealth        | |  2.4

Action                   |  1- 3 |  4- 6 |  7- 9 | 10-12 || total
-------------------------+-------+-------+-------+-------++-------
Melee: Unarmed           |     3 |       |       |       ||     3
       Dagger            |       |     1 |     5 |    11 ||    17
 Cast: Flame Tongue      |    22 |     8 |    66 |     9 ||   105
       Throw Flame       |     1 |       |     1 |     1 ||     3
       Sticky Flame      |       |     3 |     7 |     6 ||    16
       Conjure Flame     |       |     1 |     9 |     3 ||    13
       Fireball          |       |       |     2 |     1 ||     3
       Mephitic Cloud    |       |       |     8 |     2 ||    10
       Inner Flame       |       |       |     5 |     1 ||     6
       Venom Bolt        |       |       |       |     9 ||     9
       Bolt of Fire      |       |       |       |     9 ||     9
       Ignite Poison     |       |       |       |     4 ||     4
       Orb of Destructio |       |       |       |     2 ||     2
  Use: Scroll            |       |     2 |       |       ||     2
       Potion            |       |     1 |     1 |       ||     2
 Stab: Sleeping          |       |     1 |       |     2 ||     3
       Confused          |       |       |     1 |       ||     1
  Eat: Chunk             |       |       |     2 |     1 ||     3
       Bread ration      |       |       |       |     1 ||     1
Armor: Robe              |     1 |     3 |     1 |       ||     5
Dodge: Dodged            |    11 |     8 |     8 |    22 ||    49
